 Dungeon Crawl Stone Soup version 0.17.0-24-gcfadda4 (webtiles) character file.

5689 Helmschank the Basher (level 10, -1/110 HPs)
             Began as an Ogre Wanderer on Nov 15, 2015.
             Was a Priest of Okawaru.
             Slain by an unseen horror (5 damage)
             ... on level 9 of the Dungeon.
             The game lasted 01:01:56 (13580 turns).

Helmschank the Basher (Ogre Wanderer)              Turns: 13580, Time: 01:01:56

Health: -1/110     AC:  8    Str: 21    XL:     10   Next: 75%
Magic:  15/15      EV: 12    Int: 10    God:    Okawaru [***...]
Gold:   455        SH:  0    Dex: 11    Spells: 0 memorised, 16 levels left

rFire  . . .     SeeInvis .     q - +0 giant spiked club
rCold  . . .     Clarity  .     a - +2 robe
rNeg   . . .     SustAt   +     (shield currently unavailable)
rPois  +         Gourm    .     (helmet restricted)
rElec  .         Spirit   .     B - +2 cloak {rPois}
rCorr  .         Warding  .     (gloves unavailable)
rMut   +         Stasis   .     (boots unavailable)
MR     ++...                    D - amulet of resist mutation
Stlth  +.........               C - ring of sustain attributes
                                R - ring of protection from magic

@: very slightly contaminated, very resistant to hostile enchantments, very
unstealthy
A: unfitting armour, tough skin 1
a: Heroism, Renounce Religion


You were on level 9 of the Dungeon.
You worshipped Okawaru.
Okawaru was most pleased with you.
You were very hungry.

You visited 2 branches of the dungeon, and saw 11 of its levels.

You collected 455 gold pieces.

Inventory:

Hand Weapons
 q - a +0 giant spiked club (weapon)
 s - a +2 dagger of venom
 w - a +0 flail
Missiles
 e - 68 poisoned needles
 p - 2 javelins (quivered)
 H - 2 tomahawks
 M - 2 silver tomahawks
 U - 342 stones
Armour
 a - a +2 robe (worn)
 B - a +2 cloak of poison resistance (worn)
Jewellery
 f - an uncursed ring of teleportation
 m - an uncursed ring of magical power
 C - a ring of sustain attributes (right hand)
 D - an amulet of resist mutation (around neck)
 R - a ring of protection from magic (left hand)
Wands
 c - a wand of random effects (13)
 k - a wand of frost (22)
 t - a wand of digging (19)
 z - a wand of enslavement (15)
 F - a wand of fire (9)
 G - a wand of hasting (7)
 N - a wand of disintegration (18)
 Q - a wand of magic darts (15)
 S - a wand of slowing (21)
Scrolls
 h - 4 scrolls of recharging
 i - a scroll of enchant armour
 j - a scroll of remove curse
 l - 3 scrolls of enchant weapon
 n - a scroll of teleportation
 K - a scroll of identify
 P - a scroll of magic mapping
Potions
 b - 2 potions of haste
 g - a potion of berserk rage
 r - 3 potions of lignification
 u - a potion of cancellation
 v - 2 potions of magic
 x - a potion of brilliance
 I - a potion of curing
 L - a potion of resistance
Books
 y - a Fen Folio

   Spells                             Type                      Level
   a - Corpse Rot                     Necromancy                   2
   b - Stone Arrow                    Conjuration/Earth            3
   c - Leda's Liquefaction            Hexes/Earth                  4
   d - Summon Forest                  Summoning/Translocation      5
   e - Hydra Form                     Transmutation                6
   f - Summon Hydra                   Summoning                    7
 J - a book of Cantrips

   Spells                             Type                      Level
   a - Corona                         Hexes                        1
   b - Animate Skeleton               Necromancy                   1
   c - Summon Small Mammal            Summoning                    1
   d - Apportation                    Translocation                1
Comestibles
 d - 5 bread rations
 o - 4 meat rations
 A - a beef jerky
 O - 5 fruits


   Skills:
 + Level 9.8 Fighting
 * Level 12.4 Maces & Flails
 + Level 7.0 Throwing
 + Level 6.4 Dodging
 - Level 3.6 Spellcasting
   Level 1.0 Hexes
   Level 1.0 Fire Magic
 - Level 1.0 Evocations


You had 16 spell levels left.
You didn't know any spells.

Dungeon Overview and Level Annotations

Branches:
Dungeon (10/15)            Temple (1/1) D:6
   Lair: D:8-11         Orc: D:9-12

Altars:
Ashenzari
Cheibriados
Dithmenos
Elyvilon
Fedhas
Gozag
Kikubaaqudgha
Makhleb
Nemelex Xobeh
Okawaru
Qazlal
Ru
Sif Muna
Trog
Vehumet
Xom
Yredelemnul
Zin
The Shining One


Innate Abilities, Weirdness & Mutations

You are too large for most types of armour.
You have tough skin (AC +1).


Message History

* * * LOW HITPOINT WARNING * * *
You climb upwards.
There is a stone staircase leading down here.
Drink which item? (? for menu, Esc to quit)
You feel better. Something hits you.
* * * LOW HITPOINT WARNING * * *
You barely miss something. Something hits you!
* * * LOW HITPOINT WARNING * * *
Something hits you but does no damage.
Drink which item? (? for menu, Esc to quit)
Okay, then.
Unknown command.
Read which item? (? for menu, Esc to quit)
Blink to where?
Press: ? - help, Dir - move target cursor You are very lightly contaminated with residual magic.
As you read the scroll of blinking, it crumbles to dust.
Something hits you but does no damage. Something hits you.
You die...

####..# #..........
..<...#################..........
.....ยง...........................
..............................###
##########..################..#
#..# #..# ##########..# #..#
............################..###
................@[...............
.................[.##############
##.................#
#.................#
#.................#
#.................#
##................)#
...................##############
.^.........................).....


There were no monsters in sight!

Vanquished Creatures
  A hill giant (D:7)
  A deep elf mage (D:8)
  A wyvern (D:8)
  2 steam dragons
  2 hippogriffs (D:8)
  A water moccasin (D:5)
  7 ogres
  A necrophage (D:8)
  5 orc warriors
  2 sky beasts (D:8)
  A black bear (D:6)
  2 phantoms
  4 centaurs
  A crocodile (D:8)
  A big kobold (D:7)
  2 giant frogs (D:6)
  A wyvern zombie (D:8)
  3 killer bees
  3 scorpions
  A wight (D:8)
  2 crimson imps (D:8)
  7 hounds
  An electric eel (D:8)
  A jelly (D:6)
  17 orc wizards
  2 centaur skeletons
  A quasit (D:7)
  Crazy Yiuf (D:4)
  7 orc priests
  Ijyb (D:3)
  2 iguanas
  Jessica (D:2)
  A gnoll shaman (D:8)
  Terence (D:3)
  6 worker ants
  2 hound skeletons
  2 hound zombies
  A gnoll (D:8)
  10 adders
  A shadow imp (D:7)
  2 oozes
  2 adder skeletons (D:6)
  5 worms
  6 giant geckos
  31 orcs
  9 bats
  11 hobgoblins
  6 jackals
  6 quokkas
  A ball python (D:1)
  A ball python skeleton (D:5)
  8 giant cockroaches
  4 giant newts
  9 goblins
  A jackal skeleton (D:7)
  A jackal zombie (D:6)
  11 kobolds
  A quokka skeleton (D:5)
  9 rats
233 creatures vanquished.

Notes
Turn   | Place    | Note
--------------------------------------------------------------
     0 | D:1      | Helmschank the Ogre Wanderer began the quest for the Orb.
     0 | D:1      | Helmschank set off with: a +2 robe, a +0 spear, a wand of random effects (15), a bread ration
     0 | D:1      | Reached XP level 1. HP: 19/19 MP: 5/5
   172 | D:1      | Reached XP level 2. HP: 19/28 MP: 6/6
   331 | D:1      | Reached skill level 1 in Maces & Flails
   544 | D:1      | Reached XP level 3. HP: 31/36 MP: 8/8
  1338 | D:2      | Found a shattered altar of Ashenzari.
  1339 | D:2      | Found a blossoming altar of Fedhas.
  1524 | D:2      | Found a sacrificial altar of Ru.
  1845 | D:2      | Noticed Jessica
  1847 | D:2      | Killed Jessica
  1847 | D:2      | Reached XP level 4. HP: 43/45 MP: 9/9
  1993 | D:3      | Noticed Ijyb
  2036 | D:3      | Killed Ijyb
  2316 | D:3      | Noticed Terence
  2320 | D:3      | Killed Terence
  2320 | D:3      | Reached XP level 5. HP: 51/53 MP: 10/10
  2761 | D:3      | Reached skill level 4 in Fighting
  3378 | D:4      | Found a glowing drain.
  3496 | D:4      | Reached XP level 6. HP: 21/62 MP: 11/11
  3863 | D:4      | Reached skill level 5 in Maces & Flails
  4037 | D:4      | Reached XP level 7. HP: 31/71 MP: 12/12
  4417 | D:4      | Reached skill level 5 in Fighting
  4542 | D:4      | Noticed an ogre
  4555 | D:4      | Killed an ogre
  4652 | D:4      | Reached skill level 6 in Maces & Flails
  4945 | D:4      | Noticed Crazy Yiuf
  4948 | D:4      | Killed Crazy Yiuf
  5141 | D:4      | Found a blossoming altar of Fedhas.
  5415 | D:5      | Entered Level 5 of the Dungeon
  5548 | D:5      | Reached XP level 8. HP: 83/83 MP: 13/13
  5736 | D:5      | Reached skill level 7 in Maces & Flails
  6480 | D:6      | Found a staircase to the Ecumenical Temple.
  6499 | Temple   | Entered the Ecumenical Temple
  6764 | Temple   | Became a worshipper of Warmaster Okawaru
  6899 | D:6      | Reached skill level 8 in Maces & Flails
  8322 | D:6      | Reached skill level 5 in Throwing
  8322 | D:6      | Reached XP level 9. HP: 64/93 MP: 14/14
  8480 | D:7      | Reached skill level 9 in Maces & Flails
  8736 | D:7      | Noticed a hill giant
  8754 | D:7      | Killed a hill giant
  8754 | D:7      | Reached * piety under Okawaru
  8754 | D:7      | Reached skill level 5 in Dodging
  9094 | D:7      | Reached skill level 10 in Maces & Flails
  9565 | D:8      | Found a deep blue altar of Sif Muna.
  9597 | D:8      | Reached ** piety under Okawaru
  9668 | D:8      | Found a snail-covered altar of Cheibriados.
  9902 | D:8      | Found a sparkling altar of Nemelex Xobeh.
  9903 | D:8      | Found a stormy altar of Qazlal.
  9904 | D:8      | Found a shimmering altar of Xom.
  9904 | D:8      | Found a glowing silver altar of Zin.
  9906 | D:8      | Found a shadowy altar of Dithmenos.
  9906 | D:8      | Found a basalt altar of Yredelemnul.
  9925 | D:8      | Reached XP level 10. HP: 106/106 MP: 15/15
 10075 | D:8      | Reached skill level 11 in Maces & Flails
 11182 | D:8      | Reached *** piety under Okawaru
 11652 | D:8      | Reached skill level 12 in Maces & Flails
 13533 | D:10     | Entered Level 10 of the Dungeon
 13571 | D:9      | HP: 2/110 [something (7)]
 13580 | D:9      | Slain by an unseen horror

Action                   |  1- 3 |  4- 6 |  7- 9 | 10-12 || total
-------------------------+-------+-------+-------+-------++-------
Melee: Spear             |    89 |       |       |       ||    89
       Club              |    72 |   340 |    22 |       ||   434
       Mace              |       |       |    45 |       ||    45
       Flail             |       |       |   238 |   190 ||   428
       Dagger            |       |       |     2 |       ||     2
       Giant spiked club |       |       |     3 |    45 ||    48
Throw: Stone             |    37 |     4 |    12 |    13 ||    66
       Javelin           |     6 |    13 |   112 |    19 ||   150
       Tomahawk          |       |       |    31 |    13 ||    44
Evoke: Wand              |       |       |     2 |     3 ||     5
  Use: Scroll            |       |     3 |    16 |    10 ||    29
       Potion            |       |     3 |     2 |     2 ||     7
 Stab: Sleeping          |       |     1 |       |     1 ||     2
  Eat: Chunk             |     3 |     8 |    16 |     9 ||    36
       Fruit             |       |       |     4 |     2 ||     6
